 Dungeon Crawl Stone Soup version 0.31-a0-165-g3f4f80340b (webtiles) character file.

Game seed: 15412929530234396266

126 qw the Shooter (level 5, 0/32 HPs)
             Began as a Gargoyle Hunter on June 13, 2023.
             Killed from afar by an orc wizard (5 damage)
             ... with a magic dart
             ... on level 4 of the Dungeon.
             The game lasted 00:00:51 (2131 turns).

qw the Shooter (Gargoyle Hunter)                    Turns: 2131, Time: 00:00:51

Health: 0/32       AC: 10    Str: 15    XL:     5   Next: 10%
Magic:  5/5        EV: 16    Int:  9    God:
Gold:   123        SH:  0    Dex: 15    Spells: 4/4 levels left

rFire   . . .        Y - +0 shortbow
rCold   . . .        (shield currently unavailable)
rNeg    + . .        d - +0 ring mail
rPois   inf          (no helmet)
rElec   +            (no cloak)
rCorr   .            b - +0 pair of gloves
SInv    .            (no boots)
Will    .....        (no amulet)
Stlth   +            k - +5 ring of evasion
HPRegen 0.25/turn    (no ring)
MPRegen 0.09/turn

%: no passive effects
@: no status effects
A: sickness immunity, AC +4, negative energy resistance 1, electricity
resistance, torment resistance 1, petrification resistance
a: no special abilities


You were on level 4 of the Dungeon.
You visited 1 branch of the dungeon, and saw 4 of its levels.

You collected 123 gold pieces.


Innate Abilities, Weirdness & Mutations

You are immune to sickness and miasma.
Your stone body is resilient. (AC +4)
You are immune to poison.
You resist negative energy. (rN+)
You are resistant to electric shocks. (rElec)
You are resistant to unholy torment.
You are immune to petrification.


   Skills:
 - Level 3.0 Fighting
 + Level 5.8 Ranged Weapons
 - Level 1.0 Armour
 - Level 1.5 Dodging
 - Level 1.1 Stealth


You had 4 spell levels left.
You didn't know any spells.
Your spell library was empty.

Inventory:

Hand Weapons
 Y - a +0 shortbow (weapon)
Armour
 b - a +0 pair of gloves (worn)
 d - a +0 ring mail (worn)
Jewellery
 k - a +5 ring of evasion (left hand)
Scrolls
 a - a scroll of teleportation
 c - a scroll of identify
Potions
 f - a potion of attraction
 g - a potion of might {unknown}
 i - a potion of lignification
 j - a potion of degeneration {unknown}

Dungeon Overview and Level Annotations

Branches:
Dungeon (4/15)
 Temple: D:4-7

Altars:


Message History

The adder is almost dead.
You hear some strange, mumbled words.
A magic dart appears from out of thin air!
The magic dart hits you but does no damage.
The adder completely misses you.
You hear some strange, mumbled words.
Something tries to affect you, but you resist.
You shoot an arrow. The arrow closely misses the adder.
The adder completely misses you. Something barely misses you.
The adder bites you but does no damage.
You shoot an arrow. The arrow hits the adder!
You kill the adder!
Something hits you.
You shoot an arrow.
Something hits you but does no damage. x2
You shoot an arrow.
You hear some strange, mumbled words.
Something tries to affect you, but you resist.
You shoot an arrow. Something barely misses you.
You shoot an arrow. Something completely misses you.
You shoot an arrow. Something hits you.
You shoot an arrow.
A scorpion comes into view.
You hear some strange, mumbled words.
A magic dart appears from out of thin air!
The magic dart hits you. Something hits you.
You shoot an arrow. The arrow hits the scorpion!
The scorpion is moderately wounded.
You hear some strange, mumbled words.
Something tries to affect you, but you resist.
You shoot an arrow.
The arrow hits the scorpion but does no damage.
The scorpion is moderately wounded.
You hear some strange, mumbled words.
A magic dart appears from out of thin air!
The magic dart hits you.
You die...

#............#
#............#
#............#
#............#
#............#
#####.....?......#
#.................
#................#
#....%....@{......
#....#####).......
#....# ##).......
#....#.....#######
#######..........#
#<..............s.
#######...........
#....#......
#....######


You could see a scorpion.

Vanquished Creatures
  A hound (D:4)
  3 adders
  3 worms
  4 orcs (D:4)
  8 bats
  3 endoplasms
  A goblin (D:1)
  5 hobgoblins
  6 jackals
  4 kobolds
  2 quokkas (D:1)
  5 ball pythons
  7 frilled lizards
  4 rats (D:1)
56 creatures vanquished.

Notes
Turn   | Place    | Note
-------+----------+-------------------------------------------
     0 | D:1      | qw the Gargoyle Hunter began the quest for the Orb.
     0 | D:1      | Reached XP level 1. HP: 12/12 MP: 1/1
     0 | D:1      | 0 ||| qw: Version: 0.2-a-29-gc1b59c4
     0 | D:1      | 0 ||| qw: Game counter: 4686
     0 | D:1      | 0 ||| qw: Always use a shield: true
     0 | D:1      | 0 ||| qw: God list: Okawaru
     0 | D:1      | 0 ||| qw: Allow faded altars: false
     0 | D:1      | 0 ||| qw: Do Orc after D:15 true
     0 | D:1      | 0 ||| qw: Do second Lair branch before Depths: true
     0 | D:1      | 0 ||| qw: Lair rune preference: random
     0 | D:1      | 0 ||| qw: Plans: Normal, Zot:1-4, Slime:5, God:TSO, Crypt,
                  | Tomb, Abyss, Pan, Hells, Win
     0 | D:1      | 0 ||| PLANNING D:1-11
   152 | D:1      | Reached XP level 2. HP: 17/17 MP: 2/2
   472 | D:1      | Reached XP level 3. HP: 20/21 MP: 3/3
   598 | D:1      | 598 ||| UPGRADING to +0 ring mail.
   608 | D:1      | 608 ||| DROPPING +0 leather armour.
   609 | D:1      | 609 ||| READING scroll labelled ZEEGOSCH EKHYDEAHA.
   610 | D:1      | 610 ||| READING scroll labelled ZONTUDGH SULE.
   611 | D:1      | 611 ||| DRINKING 3 inky potions.
   715 | D:1      | 715 ||| DROPPING scroll of butterflies.
   716 | D:1      | 716 ||| DROPPING 2 potions of berserk rage.
   742 | D:2      | 742 ||| FLEEEEING.
   743 | D:2      | 743 ||| FLEEEEING.
   810 | D:2      | Reached skill level 1 in Armour
   831 | D:2      | Found a faded altar of an unknown god.
  1027 | D:2      | Reached skill level 5 in Ranged Weapons
  1171 | D:2      | Reached XP level 4. HP: 27/27 MP: 4/4
  1191 | D:2      | 1191 ||| UPGRADING to +0 pair of gloves.
  1467 | D:2      | 1467 ||| READING 2 scrolls labelled TAPTUDEDAL.
  1470 | D:2      | 1470 ||| READING 2 scrolls labelled LOAREIMIRO.
  1471 | D:2      | 1471 ||| READING scroll labelled LACI WYMEGRI.
  1643 | D:3      | Reached skill level 3 in Fighting
  2028 | D:3      | 2028 ||| UPGRADING to +5 ring of evasion.
  2029 | D:3      | 2029 ||| READING scroll labelled IRITEN URPH.
  2030 | D:3      | 2030 ||| READING scroll labelled MUUNOSK NUHUH.
  2031 | D:3      | 2031 ||| READING scroll labelled QEUBLI EWNATT.
  2032 | D:3      | 2032 ||| DRINKING 2 cyan potions.
  2057 | D:3      | 2057 ||| READING 2 scrolls of identify.
  2057 | D:3      | 2057 ||| IDENTIFYING lumpy white potion
  2075 | D:4      | 2075 ||| PLANNING OSSUARY
  2115 | D:4      | Reached XP level 5. HP: 15/32 MP: 5/5
  2128 | D:4      | HP: 8/32 [something (3)]
  2131 | D:4      | Killed from afar by an orc wizard

Levels and vault maps discovered:
D:1:      psy_arrival_spokes, layout_loops_ring
D:2:      layout_basic, serial_glass, glass_columns_c, glass_columns_c,
          glass_columns_c, nicolae_ecumenical_oubliette
D:3:      layout_basic, minmay_lizard_king
D:4:      cheibrodos_fertilizer, layout_basic, enter_ossuary_2,
          chequers_serial_rivers_marsh, minmay_shop_damaged

Skill      XL: |  1  2  3  4 |
---------------+-------------+-----
Armour         | 1 |  1.0
Ranged Weapons | 5 |  5.8
Fighting       | 3 |  3.0
Dodging        | |  1.5
Stealth        | |  1.1

Action                     |  1- 3 |  4- 6 || total
---------------------------+-------+-------++-------
   Fire: Shortbow          |    98 |    78 ||   176
    Use: Scroll            |     2 |     7 ||     9
         Potion            |     1 |     1 ||     2
 Armour: Leather armour    |     8 |       ||     8
         Ring mail         |     9 |    35 ||    44
  Dodge: Dodged            |    17 |    36 ||    53

Table legend:
 A = Non-vault XP
 B = Vault XP
 C = Vault XP percentage of total XP
 D = Non-vault monster count
 E = Vault monster count
 F = Vault count percentage of total count
                 A         B        C        D         E       F
            +---------+---------+-------+---------+---------+-------
      Total |     176 |       5 |   2.8 |      51 |       5 |   8.9
            +---------+---------+-------+---------+---------+-------
        D:1 |      36 |       0 |   0.0 |      24 |       0 |   0.0
        D:2 |      55 |       0 |   0.0 |      14 |       0 |   0.0
        D:3 |      17 |       5 |  22.7 |       7 |       5 |  41.7
        D:4 |      68 |       0 |   0.0 |       6 |       0 |   0.0
            +---------+---------+-------+---------+---------+-------
